 Dungeon Crawl Stone Soup version 0.25.1-8-g42b30a86e7 (webtiles) character file.

Game seed: 15367839174825607296

443 SaulG the Chopper (level 7, -3/61 HPs)
             Began as a Hill Orc Fighter on Dec 3, 2020.
             Killed by divine providence
             ... invoked by an orc priest
              (12 damage)
             ... on level 5 of the Dungeon.
             The game lasted 00:32:26 (4574 turns).

SaulG the Chopper (Hill Orc Fighter)                Turns: 4574, Time: 00:32:27

Health: -3/61      AC:  8    Str: 20    XL:     7   Next: 2%
Magic:  7/7        EV: 21    Int:  8    God:
Gold:   182        SH: 10    Dex: 11    Spells: 6/6 levels left

rFire    . . .     SeeInvis .   G - +0 flail
rCold    . . .     Gourm    .   o - +1 kite shield
rNeg     . . .     Faith    .   q - -2 chain mail
rPois    .         Spirit   .   v - +0 helmet
rElec    .         Reflect  .   (no cloak)
rCorr    +         Harm     .   (no gloves)
MR       .....                  (no boots)
Stlth    ..........             A - amulet of the acrobat
HPRegen  0.20/turn              E - ring of resist corrosion
MPRegen  0.10/turn              (no ring)

@: acrobat
A: no striking features
a: Convert to Beogh


You were on level 5 of the Dungeon.
You were very hungry.

You visited 1 branch of the dungeon, and saw 5 of its levels.

You collected 182 gold pieces.

Inventory:

Hand Weapons
 a - a +1 war axe
 e - a +0 hunting sling
 l - a +0 dagger
 s - a +0 hand axe
 w - a +0 arbalest
 x - a +0 mace
 G - a +0 flail (weapon)
Missiles
 i - 119 arrows
 k - 181 stones (quivered)
 t - 33 bolts
 z - 31 poisoned darts
Armour
 b - a +0 scale mail
 h - a +0 scale mail
 o - a +1 kite shield (worn)
 q - a -2 chain mail (worn)
 v - a +0 helmet (worn)
Jewellery
 A - an amulet of the acrobat (around neck)
 E - a ring of resist corrosion (left hand)
Wands
 p - a wand of polymorph (4)
 B - a wand of flame (7)
Scrolls
 c - a scroll of noise {unknown}
 g - a scroll of random uselessness
 j - 2 scrolls of teleportation
 m - 2 scrolls of remove curse
 n - a scroll of enchant armour
 u - a scroll of fear
 y - a scroll of immolation {unknown}
 C - a scroll of fog {unknown}
 D - a scroll of identify {unknown}
Potions
 d - a potion of might
 r - a potion of brilliance


   Skills:
 + Level 5.2 Fighting
 + Level 6.2 Axes
 + Level 0.3(3.1) Maces & Flails
 + Level 4.7 Armour
 + Level 1.0 Dodging
 + Level 0.1 Stealth
 + Level 4.4 Shields


You had 6 spell levels left.
You didn't know any spells.
Your spell library contained the following spells:

 Spells                   Type           Power        Failure   Level  Hunger
 Beastly Appendage        Tmut           #.....       100%        1    ##.....
 Sticks to Snakes         Tmut           #.......     100%        2    ###....
 Spider Form              Tmut/Pois      #.........   100%        3    ####...
 Ice Form                 Ice/Tmut       #.......     100%        4    #####..
 Blade Hands              Tmut           #.........   100%        5    ######.


Dungeon Overview and Level Annotations

Branches:
Dungeon (5/15)
 Temple: D:4-7

Altars:

Shops:
D:4 :

Annotations:
D:4 3 runed translucent doors, kalodont's ghost, amateur KoEn


Message History

There is an open door here.
The orc priest casts a cantrip, but nothing happens.
The orc priest looks encouraged for a moment.
You block the orc's attack.
There is an open door here.
Your chain mail prevents you from hitting the orc.
The orc hits you but does no damage.
The orc priest begins to cast a cantrip, but forgets the words!
There is an open door here.
The orc priest mumbles some strange prayers to Beogh against you.
Beogh smites you!
* * * LOW HITPOINT WARNING * * *
You closely miss the orc. The orc barely misses you.
You barely miss the orc. The orc hits you but does no damage.
You block the orc's attack.
You sock the orc!
You kill the orc!
The orc priest mumbles some strange prayers to Beogh against you.
Beogh smites you!
You die...

#.........#.....'..#...
#......o..#.....#..o...
#..#####o.#.....#..####
########..#....##.o####
#...'...#....#.......
#...#...#....#.......
#...#...'o)..'.......
##################)...########
#............@..oo..........
#...........................
#...........................
#...........................
###'##......................
#...#.......#####....##+##+
#...#########...#....#...#
#...# ..........'....'...#
#'### ..........#....#...#


You could see 2 orc priests.

Vanquished Creatures
  A centaur (D:5)
  2 orc wizards (D:3)
  An iguana (D:4)
  3 worker ants (D:4)
  2 hound skeletons (D:4)
  7 adders
  3 oozes
  4 worms
  3 dart slugs
  7 leopard geckos
  5 orcs
  8 giant cockroaches
  5 goblins
  8 hobgoblins
  5 jackals (D:2)
  A quokka (D:3)
  10 bats
  7 frilled lizards
  7 kobolds
  7 rats
  7 plants (D:4)
103 creatures vanquished.

Notes
Turn   | Place    | Note
-------+----------+-------------------------------------------
     0 | D:1      | SaulG the Hill Orc Fighter began the quest for the Orb.
     0 | D:1      | Reached XP level 1. HP: 19/19 MP: 1/1
   119 | D:1      | Reached XP level 2. HP: 19/27 MP: 2/2
   394 | D:2      | Reached XP level 3. HP: 34/34 MP: 3/3
   477 | D:1      | Reached skill level 3 in Axes
  1085 | D:2      | Reached XP level 4. HP: 27/41 MP: 4/4
  1863 | D:2      | Reached skill level 4 in Axes
  2409 | D:3      | Reached XP level 5. HP: 47/47 MP: 5/5
  3309 | D:4      | Reached skill level 5 in Axes
  3310 | D:4      | Found Nankucw's Book Boutique.
  3350 | D:4      | Reached skill level 5 in Fighting
  3350 | D:4      | Reached XP level 6. HP: 44/56 MP: 6/6
  3471 | D:4      | Found a runed translucent gate.
  3475 | D:4      | Noticed kalodont's ghost (amateur KoEn)
  3476 | D:4      | Found a runed translucent gate.
  3480 | D:4      | Found a runed translucent gate.
  3567 | D:4      | Reached skill level 1 in Dodging
  4215 | D:5      | Entered Level 5 of the Dungeon
  4220 | D:5      | Reached skill level 6 in Axes
  4456 | D:5      | Reached XP level 7. HP: 33/61 MP: 7/7
  4574 | D:5      | Killed from afar by an orc priest

Illustrated notes

Levels and vault maps discovered:
D:1:      lemuel_arrival_behind_the_door_large, layout_loops_ring
D:2:      layout_basic
D:3:      layout_rooms
D:4:      layout_gridville, serial_shops,
          nicolae_shop_competitors_out_of_business, gammafunk_ghost_split,
          minmay_lizard_king
D:5:      layout_gridville, first_ration, uniq_eustachio, uniq_duvessa

Skill      XL: |  1  2  3  4  5  6 |
---------------+-------------------+-----
Fighting       | 4 5 |  5.2
Axes           | 3 4 5 6 |  6.2
Armour         | 4 |  4.7
Shields        | 4 |  4.4
Dodging        | 1 |  1.0
Maces & Flails | |  0.3
Stealth        | |  0.1

Action                   |  1- 3 |  4- 6 |  7- 9 || total
-------------------------+-------+-------+-------++-------
Melee: War axe           |   105 |   310 |       ||   415
       Hand axe          |       |    13 |       ||    13
       Flail             |       |     5 |    13 ||    18
  Use: Potion            |       |     5 |     1 ||     6
       Scroll            |       |     8 |       ||     8
  Eat: Ration            |       |     3 |       ||     3
       Chunk             |       |     1 |       ||     1
Armor: Scale mail        |    48 |   108 |       ||   156
       Skin              |       |    15 |       ||    15
       Chain mail        |       |     6 |     7 ||    13
Dodge: Dodged            |    38 |    74 |     4 ||   116
Block: Kite shield       |    54 |   140 |    11 ||   205
